Description

Eco build into 3 base chargelot/immortal/archon

Build Order

Get SALT Encoding   

  14  0:17  Pylon  
  16  0:37  Gateway  
  16  0:46  Assimilator x2  
  19  1:10  Gateway  
  21  1:28  Cybernetics Core  
  22  1:39  Pylon  
  23  1:56  Warp Gate  
  29  2:16  Pylon  
  34  2:59  Nexus  
  34  3:13  Robotics Facility  
  35  3:21  Pylon  
  36  3:33  Shield Battery  
  46  4:19  Gateway x2  
  47  4:29  Assimilator x2  
  50  4:42  Twilight Council  
  62  5:18  Charge  
  64  5:31  Templar Archives  
  70  5:56  Nexus  
  71  6:07  Forge x2  
  75  6:30  Gateway x4  
Spawning Tool Build Advisor. Get it on Overwolf

Analysis

Gas Dump Prio: Immortal > Templar > Zealot

Go to:

Details

  • Created by: Haybale
  • Published on: May 20, 2024
  • Modified on: May 20, 2024
  • Patch: 5.0.11
  • Difficulty: Medium
Show
View Real Time Build Order
Export as new Build Order

Comments (0)

There are no comments. Be the first!

Create an account to comment!